AoeStats
← Pillage The Village

MegaRandom

503673674Analyzed
1v1 RM · 1mo ago on Sep 1, 2026· 31m 25s· 2 players
Game mode
Random Map
Map size
Tiny (2 player)
Population
200
Speed
Normal
Resources
Standard
Victory
Conquest
Starting age
Dark Age
Ending age
Imperial Age
RankedLock teamsTeams togetherTeam positionsShared explorationLock speedFull tech treeHidden civsTurbo modeCheats
Victory
Defeat
🇧🇪 Khmer · Belgium
1472
+17
1483
-17
Pillage The Village
3:35 Loom
11:30 Feudal Age
12:14 Double-Bit Axe
15:48 Fletching
22:44 Castle Age
26:06 Castle Age
24:43 Padded Archer Armor
24:52 Gold Mining
26:15 Crossbowman
28:43 Crossbowman
30:10 Ballistics
[CL] Guatona, Guatona qla fea
2:57 Loom
12:29 Feudal Age
13:16 Feudal Age
17:18 Castle Age
17:36 Fletching
26:36 Double-Bit Axe
Connection lost

Rejoining the realm…

Still unreachable

The connection could not be restored.

Session expired

The server has moved on; the page needs a fresh start.